 Dungeon Sprint DCSS version 0.31-a0-841-g038b102fc3 (webtiles) character file.

Game seed: 3164917064896735676

606 sircluck the Grappler (level 7, -11/80 HPs)
             Began as a Troll Berserker on Sept 27, 2023.
             Was a Believer of Trog.
             Mangled by a death yak (21 damage)
             ... in the Dungeon (Sprint VII: "The Pits").
             The game lasted 00:00:36 (150 turns).

sircluck the Grappler (Troll Berserker)              Turns: 150, Time: 00:00:37

Health: -11/80     AC:  4    Str: 28    XL:     7   Next: 19%
Magic:  6/6        EV: 11    Int:  3    God:    Trog [**....]
Gold:   0          SH:  0    Dex:  9    Spells: 6/6 levels left

rFire   . .          .
                       - Unarmed
rCold   . . .        (no shield)
rNeg    . . .        a - +0 animal skin
rPois   .            (helmet restricted)
rElec   .            (no cloak)
rCorr   .            (gloves unavailable)
SInv    .            (boots unavailable)
Will    .....        (no amulet)
Stlth   +            (no ring)
HPRegen 1.13/turn    (no ring)
MPRegen 0.10/turn

%: no teleportation
@: lethally poisoned (-11 -> -14)
A: large, unfitting armour, claws 3, regeneration 1, shaggy fur 1, tough skin 1
a: Renounce Religion, Berserk, Trog's Hand


You were in the Dungeon.
You worshipped Trog.
Trog was pleased with you.
You visited 1 branch

Inventory:

Armour
 a - a +0 animal skin (worn)
Scrolls
 g - a scroll of blinking
Potions
 b - a potion of curing
 c - a potion of heal wounds
 d - a potion of haste
 e - 2 potions of magic
 f - a potion of berserk rage


   Skills:
 + Level 8.1 Fighting
 + Level 8.0 Dodging
 + Level 9.5 Unarmed Combat


You had 6 spell levels left.
You didn't know any spells.
Your spell library was empty.

Dungeon Overview and Level Annotations

Branches:
Dungeon (1/1)

Altars:


Innate Abilities, Weirdness & Mutations

You are too large for most types of armour.
You have claws for hands.
Your natural rate of healing is unusually fast.
You are covered in fur. (AC +1)
You have tough skin. (AC +1)


Message History

The killer bee stings you but does no damage.
You miss the killer bee.
The killer bee is heavily wounded.
The killer bee misses you. The killer bee stings you.
A death yak comes into view.
The killer bee completely misses you. The killer bee stings you.
The death yak bellows!
You claw the killer bee!
You kill the killer bee!
Trog accepts your kill.
You feel sick. The killer bee closely misses you.
Your Fighting skill increases to level 8!
Your Dodging skill increases to level 8!
You closely miss the killer bee.
You feel sick. The killer bee barely misses you. x2
You scratch the death yak.
The death yak is lightly wounded.
You feel sick.
You are no longer poisoned.
The killer bee stings you but does no damage. x2
The death yak barely misses you.
You scratch the death yak but do no damage.
The killer bee barely misses you.
You scratch the death yak but do no damage.
The killer bee stings you!
You are poisoned.
The killer bee poisons you! The death yak gores you!!
* * * LOW HITPOINT WARNING * * *
The killer bee stings you.
* * * LOW HITPOINT WARNING * * *
You are too injured to fight recklessly!
You are too injured to fight recklessly!
You are too injured to fight recklessly!
You are too injured to fight recklessly!
You are too injured to fight recklessly!
Unknown command.
You scratch the killer bee.
The killer bee is lightly wounded.
You feel sick. The killer bee barely misses you. The death yak gores you!!
You die...

#.......##''#
#.......##..##
#....†..##...##
#...<...###†..##+##.
#.......# ##........
#.......###..###+###
#.......##..##
##########..+ #.@#
##yY# ##... ..## .##
##


You could see a death yak and a killer bee.

Vanquished Creatures
  A cane toad (D)
  A jumping spider (D)
  3 killer bees (D)
  A hound (D)
6 creatures vanquished.

Notes
Turn   | Place    | Note
-------+----------+-------------------------------------------
     0 | D        | sircluck the Troll Berserker began the quest for the Orb.
     0 | D        | Reached XP level 1. HP: 22/22 MP: 0/0
    16 | D        | Noticed a hound
    16 | D        | Noticed a jumping spider
    17 | D        | Noticed a cane toad
    22 | D        | HP: 1/33 [hound (3)]
    23 | D        | Killed a hound
    24 | D        | Reached skill level 4 in Unarmed Combat
    24 | D        | Reached XP level 2. HP: 2/32 MP: 1/1
    24 | D        | Reached XP level 3. HP: 2/39 MP: 2/2
    26 | D        | Killed a cane toad
    27 | D        | Reached skill level 8 in Unarmed Combat
    27 | D        | Reached XP level 4. HP: 7/53 MP: 3/3
    27 | D        | Reached XP level 5. HP: 8/61 MP: 4/4
    27 | D        | Reached XP level 6. HP: 9/68 MP: 5/5
   111 | D        | Killed a jumping spider
   111 | D        | Reached ** piety under Trog
   112 | D        | Reached skill level 9 in Unarmed Combat
   140 | D        | Reached XP level 7. HP: 65/79 MP: 6/6
   144 | D        | Noticed a death yak
   150 | D        | Mangled by a death yak

Illustrated notes

Levels and vault maps discovered:
D:        pitsprint [storerooms_1, entrance_room_1, metal_vault_5, armoury_1,
          mini_pit_1, grid_room_1, main_hall_1, silver_pit, the_coven_1,
          the_vestibule_1, steel_vault_4, golden_pit, hallway_of_sentries,
          crystal_vault_2, iron_vault_5, final_vault]

Skill      XL: |  1  2  3  4  5  6  7 |
---------------+----------------------+-----
Fighting       | 3 6 7 8 |  8.1
Dodging        | 3 6 7 8 |  8.0
Unarmed Combat | 4 8 9 |  9.5

Action                     |  1- 3 |  4- 6 |  7- 9 || total
---------------------------+-------+-------+-------++-------
  Melee: Unarmed           |     6 |    10 |    11 ||    27
         Punch             |       |     1 |       ||     1
 Invoke: Berserk           |     1 |       |       ||     1
 Armour: Animal skin       |     7 |    23 |    13 ||    43
  Dodge: Dodged            |     2 |    17 |    14 ||    33

Table legend: (Time is in decaauts)
 A = Elapsed time spent in this place.
 B = Non-inter-level travel time spent in this place.
 C = Inter-level travel time spent in this place.
 D = Time resting spent in this place.
 E = Time spent auto-exploring this place.
 F = Levels seen in this place.
 G = Mean time per level.
                   A        B        C        D        E       F      G
               +--------+--------+--------+--------+--------+-----+--------+
         Total |    152 |    138 |     14 |     57 |     16 |   1 |  152.0 |
       Dungeon |    152 |    138 |     14 |     57 |     16 |   1 |  152.0 |
               +--------+--------+--------+--------+--------+-----+--------+

Top non-repeatable levels by time:
       D: 152 daAuts
